[Event "Titled Tuesday Blitz May 16 Early 2023"]
[White "Maxfan2008"]
[Black "Domingo Nunez, Ruben"]
[BlackFideId "22245570"]
[WhiteElo "2536"]
[BlackElo "2404"]
[Result "0-1"]
[Round "08"]
[TimeControl "180+2"]
[Date "2023.05.16"]
[WhiteClock "0:00:00"]
[BlackClock "0:00:03"]

1. d4 g6 2. c4 Bg7 3. Nf3 d6 4. g3 Nd7 5. Bg2 Ngf6 6. O-O O-O 7. Nc3 c5 8. e4 Ne8 9. h3 Rb8 10. Be3 Nc7 11. Qc2 a6 12. Rad1 b6 13. Rfe1 Bb7 14. b3 Re8 15. d5 b5 16. Nd2 b4 17. Ne2 e5 18. f4 exf4 19. gxf4 Qh4 20. Nf3 Qf6 21. Ng3 Qc3 22. Qf2 Qb2 23. Re2 Qc3 24. e5 dxe5 25. Ne4 exf4 26. Nxc3 fxe3 27. Rxe3 bxc3 28. d6 Ne6 29. Kh1 Nf4 30. Rxe8+ Rxe8 31. Qg3 c2 32. Rf1 Ne2 33. Qg5 Bf6 34. Qd2 Ng3+ 35. Kg1 Re2 36. Qc1 Bc3 37. Rf2 Rxf2 38. Kxf2 Ne4+ 39. Kg1 Ng3 40. Qxc2 Bf6 41. Ne1 Bc8 42. Nd3 Bd4+ 43. Kh2 Nf5 44. Qe2 Nf6 45. Bc6 Kg7 46. b4 Nxd6 47. bxc5 Nf5 48. Bd5 Nh5 49. c6 Nf6 50. c7 Nd6 51. c5 Nf5 52. c6 Bb6 53. Qe5 h5 54. Nf4 h4 55. Ng2 Bc5 56. Nf4 Bd6 57. Qe1 Bxf4+ 58. Kh1 Nxd5 59. Qe4 Ng3+ 0-1


[Site "https://www.chess.com"]

[Event "Titled Tuesday Blitz May 16 Early 2023"]
[White "Dino_Ballecer"]
[Black "Krysa, Leandro"]
[BlackFideId "116807"]
[WhiteElo "2531"]
[BlackElo "2489"]
[Result "1-0"]
[Round "08"]
[TimeControl "180+2"]
[Date "2023.05.16"]
[WhiteClock "0:00:21"]
[BlackClock "0:00:00"]

1. e4 e5 2. Nf3 Nc6 3. Bc4 Bc5 4. O-O Nf6 5. d4 Bxd4 6. Nxd4 Nxd4 7. f4 d6 8. fxe5 dxe5 9. Bg5 Qe7 10. Na3 Be6 11. c3 Bxc4 12. Bxf6 gxf6 13. Nxc4 Ne6 14. b4 Rg8 15. Kh1 Rg6 16. Ne3 Qd7 17. Qxd7+ Kxd7 18. Rad1+ Ke8 19. Nd5 c6 20. Nxf6+ Kf8 21. Nd7+ Kg7 22. Nxe5 Rf6 23. Rf3 Rxf3 24. gxf3 Kf6 25. Nd7+ Kg5 26. Nc5 Nxc5 27. bxc5 Kf4 28. Rd7 Rf8 29. Kg2 Ke3 30. Rxb7 a5 31. e5 Rg8+ 32. Kh3 Kxf3 33. Rxf7+ Ke4 34. e6 Kd5 35. e7 Re8 36. Kg4 Kxc5 37. Kf5 Kd6 38. Kf6 h5 39. h4 a4 40. c4 c5 41. a3 Kd7 42. Rh7 Kd6 43. Rxh5 Rg8 44. Rd5+ Kc7 45. Kf7 Rh8 46. e8=Q Rh7+ 47. Kg6 1-0


[Site "https://www.chess.com"]

[Event "Titled Tuesday Blitz May 16 Early 2023"]
[White "Yelisieiev, Yevhenii"]
[Black "Manukyan, Sargis A."]
[WhiteFideId "14139642"]
[BlackFideId "13303970"]
[WhiteElo "2403"]
[BlackElo "2187"]
[Result "0-1"]
[Round "08"]
[TimeControl "180+2"]
[Date "2023.05.16"]
[WhiteClock "0:00:00"]
[BlackClock "0:01:46"]

1. d4 d5 2. Nf3 Nf6 3. c4 e6 4. Nc3 Be7 5. Bg5 O-O 6. e3 h6 7. Bh4 b6 8. cxd5 Nxd5 9. Bxe7 Qxe7 10. Nxd5 exd5 11. Be2 Bb7 12. O-O c5 13. dxc5 bxc5 14. Rc1 Nd7 15. Qb3 Nb6 16. Rfd1 d4 17. Bf1 Bxf3 18. gxf3 dxe3 19. Qxe3 Qf6 20. Qc3 Qf4 21. Qe3 Qf6 22. Qc3 Qg5+ 23. Kh1 Rac8 24. Ba6 Rc7 25. Rg1 Nd5 26. Rxg5 Nxc3 27. Re5 Na4 28. b3 Nb6 29. Rexc5 Rd7 30. Rc7 Rd2 31. R1c2 Rd1+ 32. Kg2 Nd5 33. Rxa7 Nf4+ 34. Kg3 g5 35. h4 Rg1+ 36. Kh2 Rg2+ 37. Kh1 Re8 0-1


[Site "https://www.chess.com"]

[Event "Titled Tuesday Blitz May 16 Early 2023"]
[White "cristianserban1"]
[Black "Arabidze, Meri"]
[BlackFideId "13604040"]
[WhiteElo "2524"]
[BlackElo "2405"]
[Result "0-1"]
[Round "08"]
[TimeControl "180+2"]
[Date "2023.05.16"]
[WhiteClock "0:00:00"]
[BlackClock "0:00:05"]

1. d4 f5 2. c4 e6 3. g3 Nf6 4. Bg2 c6 5. Nc3 d5 6. Bf4 Be7 7. Nf3 O-O 8. O-O Ne4 9. Qc2 Nd7 10. Ne5 Nxe5 11. Bxe5 Bd7 12. Nxe4 dxe4 13. f3 Bf6 14. fxe4 Bxe5 15. dxe5 Qc7 16. Qc3 Rae8 17. Rfd1 f4 18. Rd6 c5 19. gxf4 Rxf4 20. Qg3 Ref8 21. e3 R4f7 22. Rad1 a6 23. Bh3 Rf3 24. Qg5 Bc6 25. Bxe6+ Kh8 26. Bf5 Qf7 27. Rd8 Be8 28. Kg2 h6 29. Qh4 Rxe3 30. e6 Qc7 31. e7 Rg8 32. Be6 Re2+ 33. Kf1 Rxh2 34. Qg4 Rh1+ 35. Ke2 Rh2+ 36. Ke3 Qe5 37. Bxg8 Qxb2 38. Qf4 Rh3+ 0-1


[Site "https://www.chess.com"]

[Event "Titled Tuesday Blitz May 16 Early 2023"]
[White "Korchmar, Vasiliy"]
[Black "Bilan, Danila"]
[WhiteFideId "24131750"]
[BlackFideId "24161918"]
[WhiteElo "2370"]
[BlackElo "2182"]
[Result "1-0"]
[Round "08"]
[TimeControl "180+2"]
[Date "2023.05.16"]
[WhiteClock "0:00:32"]
[BlackClock "0:00:00"]

1. e4 c6 2. d4 d5 3. e5 c5 4. dxc5 e6 5. Nf3 Bxc5 6. Bd3 Ne7 7. O-O Nbc6 8. a3 Ng6 9. b4 Bb6 10. Re1 a5 11. b5 Nce7 12. Nc3 a4 13. Bd2 Qc7 14. Qe2 Bd7 15. h4 Nf4 16. Bxf4 Qxc3 17. h5 h6 18. Be3 Bxe3 19. Qxe3 Nf5 20. Qb6 Qc8 21. Rac1 O-O 22. c4 dxc4 23. Rxc4 Qd8 24. Qxb7 Bxb5 25. Qxb5 Qxd3 26. Qc5 Rfd8 27. Rc3 Qd5 28. Qb4 Rdb8 29. Qf4 Rb3 30. Rec1 Rxc3 31. Rxc3 Rd8 32. g4 Ne7 33. Rc7 Qd1+ 34. Kg2 Re8 35. g5 Nd5 36. Qxf7+ 1-0


[Site "https://www.chess.com"]

[Event "Titled Tuesday Blitz May 16 Early 2023"]
[White "Kamalidenova, Meruert"]
[Black "SereneSalmon"]
[WhiteFideId "13712802"]
[WhiteElo "2361"]
[BlackElo "2504"]
[Result "1-0"]
[Round "08"]
[TimeControl "180+2"]
[Date "2023.05.16"]
[WhiteClock "0:00:44"]
[BlackClock "0:00:00"]

1. e4 e6 2. d4 d5 3. Nd2 c5 4. exd5 Qxd5 5. Ngf3 cxd4 6. Bc4 Qd7 7. O-O Nc6 8. Nb3 Nf6 9. Nbxd4 Nxd4 10. Nxd4 a6 11. c3 Qc7 12. Bd3 Be7 13. Qf3 O-O 14. Re1 Rd8 15. Bf4 Bd6 16. Bxd6 Rxd6 17. Rad1 Bd7 18. h3 Be8 19. Re5 Rd5 20. Rxd5 Nxd5 21. Re1 Nf6 22. a4 Rc8 23. Ra1 Qb6 24. Qe2 Nd5 25. a5 Qc7 26. Qe4 Nf6 27. Qf3 Bc6 28. Nxc6 Qxc6 29. Qe2 Kf8 30. Ra3 Qd5 31. Ra4 h6 32. Rb4 Qxa5 33. Rxb7 Rd8 34. Bc2 Qa1+ 35. Kh2 Qc1 36. Bd3 Qf4+ 37. g3 Qc1 38. Kg2 a5 39. Ra7 Rb8 40. Qe5 Qxb2 41. Qc7 1-0


[Site "https://www.chess.com"]

[Event "Titled Tuesday Blitz May 16 Early 2023"]
[White "Santos Flores, Alberto"]
[Black "Martinez Ramirez, Lennis"]
[WhiteFideId "3601234"]
[BlackFideId "3509079"]
[WhiteElo "2235"]
[BlackElo "2410"]
[Result "1/2-1/2"]
[Round "08"]
[TimeControl "180+2"]
[Date "2023.05.16"]
[WhiteClock "0:01:00"]
[BlackClock "0:00:48"]

1. e4 c5 2. Nf3 Nc6 3. Nc3 Nf6 4. d4 cxd4 5. Nxd4 e5 6. Ndb5 d6 7. Bg5 a6 8. Na3 b5 9. Bxf6 gxf6 10. Nd5 Bg7 11. c3 Ne7 12. Nxe7 Qxe7 13. Nc2 Bb7 14. Qg4 Bh6 15. Be2 Qe6 16. Qh5 Bxe4 17. Qxh6 Bxc2 18. O-O Rg8 19. Bf3 d5 20. Qd2 Be4 21. Bxe4 dxe4 22. a4 Rxg2+ 23. Kxg2 Qg4+ 24. Kh1 Qf3+ 25. Kg1 Ke7 26. Rfd1 Rg8+ 27. Kf1 Qh3+ 28. Ke2 Qf3+ 29. Kf1 Kf8 30. Qh6+ Ke7 31. Qd2 1/2-1/2


[Site "https://www.chess.com"]

[Event "Titled Tuesday Blitz May 16 Early 2023"]
[White "Martic, Ivan"]
[Black "Mamedov, Edgar"]
[WhiteFideId "929301"]
[BlackFideId "13739980"]
[WhiteElo "2360"]
[BlackElo "2317"]
[Result "1-0"]
[Round "08"]
[TimeControl "180+2"]
[Date "2023.05.16"]
[WhiteClock "0:00:50"]
[BlackClock "0:00:13"]

1. c4 c6 2. d4 d5 3. cxd5 cxd5 4. Nc3 Nf6 5. Bf4 Nc6 6. e3 a6 7. Bd3 Bg4 8. Nge2 e6 9. h3 Bh5 10. O-O Bd6 11. Bxd6 Qxd6 12. Qb3 Ra7 13. Rac1 O-O 14. Nf4 Bg6 15. Nxg6 hxg6 16. Na4 Nd7 17. Nc5 Nxc5 18. Rxc5 e5 19. Qb6 Qd7 20. dxe5 Raa8 21. f4 Rad8 22. Rfc1 d4 23. e4 Qe7 24. Bxa6 bxa6 25. Qxc6 d3 26. Rd5 Qb4 27. Qc4 Qxb2 28. Rd1 d2 29. R1xd2 Qxd2 30. Rxd2 Rxd2 31. e6 fxe6 32. Qxe6+ Kh7 33. f5 gxf5 34. exf5 Rf6 35. Qe4 Rxa2 36. g4 Kg8 37. Qd5+ 1-0


[Site "https://www.chess.com"]

[Event "Titled Tuesday Blitz May 16 Early 2023"]
[White "Skliarov, Viktor"]
[Black "Mayeregger, Arnold"]
[WhiteFideId "14106736"]
[BlackFideId "3705226"]
[WhiteElo "2317"]
[BlackElo "2038"]
[Result "1-0"]
[Round "08"]
[TimeControl "180+2"]
[Date "2023.05.16"]
[WhiteClock "0:00:02"]
[BlackClock "0:00:00"]

1. e4 c5 2. Nf3 Nc6 3. Bb5 g6 4. O-O Bg7 5. Re1 e5 6. Bxc6 dxc6 7. d3 Qc7 8. Be3 b6 9. Nbd2 Ne7 10. a3 h6 11. b4 f5 12. Nc4 f4 13. Bd2 b5 14. Na5 cxb4 15. axb4 O-O 16. c4 Be6 17. Qc2 bxc4 18. dxc4 Bg4 19. Nb3 Qc8 20. Kf1 Bxf3 21. gxf3 g5 22. Ke2 Ng6 23. Rg1 Nh4 24. Rg4 Kh7 25. Rag1 Bf6 26. Nc5 Rd8 27. Bc3 Be7 28. Bxe5 Bxc5 29. bxc5 Qe6 30. Bxf4 Rf8 31. Rxh4 gxh4 32. Be3 Rf6 33. f4 Re8 34. f5 Qf7 35. f3 Qh5 36. Kf2 Rf7 37. Bd4 Rg8 38. Rxg8 Kxg8 39. Qb1 Kh7 40. Qb8 Rg7 41. Qe5 Rg8 42. Qe7+ 1-0


[Site "https://www.chess.com"]

[Event "Titled Tuesday Blitz May 16 Early 2023"]
[White "Herrera Ortiz, Miguel"]
[Black "Mahalakshmi, M"]
[WhiteFideId "5100550"]
[BlackFideId "5001080"]
[WhiteElo "2618"]
[BlackElo "2176"]
[Result "1-0"]
[Round "08"]
[TimeControl "180+2"]
[Date "2023.05.16"]
[WhiteClock "0:00:11"]
[BlackClock "0:00:02"]

1. e4 c5 2. Nf3 e6 3. d4 cxd4 4. Nxd4 Nc6 5. Nb5 a6 6. Nd6+ Bxd6 7. Qxd6 Qe7 8. Bf4 e5 9. Qxe7+ Kxe7 10. Be3 d6 11. Nc3 Be6 12. O-O-O b5 13. a4 b4 14. Nd5+ Bxd5 15. exd5 Na5 16. Bd2 Rb8 17. Bxa6 Nf6 18. Bg5 Rb6 19. Bb5 Rc8 20. Kb1 Rc5 21. Be3 Rcxb5 22. axb5 Rxb5 23. Rhe1 Nxd5 24. f4 f6 25. fxe5 fxe5 26. Bg5+ Ke6 27. Rf1 Nc4 28. Rf8 b3 29. c3 Nce3 30. Bxe3 Nxe3 31. Rd3 Nc4 32. Rc8 d5 33. Re8+ Kf7 34. Rd8 e4 35. R3xd5 Rxd5 36. Rxd5 e3 37. Rd1 Ke6 38. Rd4 Ke5 39. Rd7 Ke4 40. Kc1 e2 41. Re7+ Kd3 42. Rd7+ Ke3 43. Re7+ Kf2 44. Rf7+ Kg1 45. Re7 Kf2 46. Rf7+ Kxg2 47. Rxg7+ Kf1 48. Rf7+ Kg1 49. Rg7+ Kxh2 50. Re7 Kg3 51. Rxe2 h5 52. Re4 Nd6 53. Re5 h4 54. Kd2 h3 55. Rg5+ Kf2 56. Rh5 Kg2 57. Kd3 h2 58. c4 h1=Q 59. Rxh1 Kxh1 60. c5 Nb7 61. Kc4 Na5+ 62. Kb5 Nb7 63. c6 Nd6+ 64. Kb4 Kg2 65. Kxb3 Kf3 66. Kb4 Ke4 67. Kc5 Nc8 68. b4 Ke5 69. b5 Ke6 70. b6 Ke7 71. b7 1-0


[Site "https://www.chess.com"]

[Event "Titled Tuesday Blitz May 16 Early 2023"]
[White "Iskusnyh, Sergei"]
[Black "Panda Sambit"]
[WhiteFideId "4120027"]
[BlackFideId "25091794"]
[WhiteElo "2492"]
[BlackElo "2272"]
[Result "1-0"]
[Round "08"]
[TimeControl "180+2"]
[Date "2023.05.16"]
[WhiteClock "0:00:31"]
[BlackClock "0:00:00"]

1. d4 d5 2. c4 e6 3. Nf3 a6 4. Nbd2 dxc4 5. Nxc4 b5 6. Nce5 Bb7 7. g3 c5 8. Bg2 cxd4 9. Nxf7 Kxf7 10. Ne5+ Ke8 11. Bxb7 Ra7 12. Bg2 Bb4+ 13. Bd2 Bd6 14. Nd3 Nf6 15. O-O Kf7 16. e3 dxe3 17. Bxe3 Rd7 18. Qe2 Re8 19. Rad1 Kg8 20. Rfe1 Qe7 21. Nf4 Rdd8 22. Qc2 Nbd7 23. Qc6 Ne5 24. Qxa6 b4 25. Nd3 Neg4 26. Bf4 Bxf4 27. Nxf4 Qc5 28. Qe2 1-0


[Site "https://www.chess.com"]

[Event "Titled Tuesday Blitz May 16 Early 2023"]
[White "Sebag, Marie"]
[Black "Cezila Jr, Rubens"]
[WhiteFideId "617822"]
[BlackFideId "2116723"]
[WhiteElo "2431"]
[BlackElo "2214"]
[Result "1/2-1/2"]
[Round "08"]
[TimeControl "180+2"]
[Date "2023.05.16"]
[WhiteClock "0:00:02"]
[BlackClock "0:00:03"]

1. c4 Nf6 2. Nc3 g6 3. g3 Bg7 4. Bg2 O-O 5. Nf3 d6 6. O-O Nbd7 7. d4 c6 8. b3 e5 9. Bb2 Re8 10. e3 Qc7 11. Rc1 Nf8 12. Re1 h5 13. Qc2 Bg4 14. h3 Bf5 15. e4 Bd7 16. d5 c5 17. Nb5 Qb8 18. a3 N8h7 19. b4 a6 20. Nc3 b6 21. Rb1 Rf8 22. Bc1 Qc7 23. bxc5 bxc5 24. Bd2 Ne8 25. Rb2 f5 26. Reb1 Ra7 27. Nh4 Rf6 28. exf5 gxf5 29. Rb8 Bf8 30. Qd1 Ng7 31. Qb3 Ne8 32. Rb7 Rxb7 33. Qxb7 Be7 34. Qxc7 Nxc7 35. Rb7 Bd8 36. Rb8 Rf8 37. Bf3 Bxh4 38. Rxf8+ Kxf8 39. gxh4 Nf6 40. Bg5 Nce8 41. Bd1 Kg7 42. f4 e4 43. Kf2 Kg6 44. Ke3 Ng7 45. Na4 Bxa4 46. Bxa4 Kf7 47. Bc6 Ke7 48. Bb7 a5 49. a4 Ne8 50. Bc6 Ng7 51. Bb5 Kf7 52. Ba6 Ke7 53. Bc8 Kf7 54. Bh6 Nfe8 55. Bd7 Ke7 56. Bc8 Kf7 57. Bg5 Nf6 58. Bb7 Ke7 59. Bc8 Kf7 1/2-1/2


[Site "https://www.chess.com"]

[Event "Titled Tuesday Blitz May 16 Early 2023"]
[White "merinasian"]
[Black "Makaraci, Tunahan"]
[BlackFideId "6356559"]
[WhiteElo "2456"]
[BlackElo "2160"]
[Result "0-1"]
[Round "08"]
[TimeControl "180+2"]
[Date "2023.05.16"]
[WhiteClock "0:00:00"]
[BlackClock "0:00:06"]

1. d4 Nf6 2. Nf3 g6 3. g3 Bg7 4. Bg2 d6 5. O-O O-O 6. b3 Nbd7 7. Bb2 c6 8. c4 Re8 9. Nc3 Qc7 10. e4 e5 11. d5 a6 12. Rc1 c5 13. Ne1 Nf8 14. Nd3 Bd7 15. f4 exf4 16. gxf4 Ng4 17. e5 Ne3 18. Qf3 Nxf1 19. Rxf1 b5 20. Ne4 dxe5 21. fxe5 Bf5 22. d6 Qa7 23. Ng3 Bxd3 24. Qxd3 Bxe5 25. Bxe5 Rxe5 26. Bxa8 Qxa8 27. d7 Qd8 28. Rd1 Re7 29. Ne4 Ne6 30. Nf6+ Kg7 31. Qc3 Nd4 32. Rxd4 cxd4 33. Qxd4 Re6 34. Ne8+ Kf8 35. Qc5+ Qe7 0-1


[Site "https://www.chess.com"]

[Event "Titled Tuesday Blitz May 16 Early 2023"]
[White "Nikologorskiy, Konstantin"]
[Black "Pasti, Aron"]
[WhiteFideId "24111708"]
[BlackFideId "785857"]
[WhiteElo "2273"]
[BlackElo "2173"]
[Result "0-1"]
[Round "08"]
[TimeControl "180+2"]
[Date "2023.05.16"]
[WhiteClock "0:00:04"]
[BlackClock "0:00:22"]

1. d4 d5 2. c4 e6 3. Nf3 Nf6 4. g3 dxc4 5. Bg2 Be7 6. O-O O-O 7. Qc2 Bd7 8. Ne5 Nc6 9. Nxc6 Bxc6 10. Bxc6 bxc6 11. Qxc4 Qd5 12. Qxd5 cxd5 13. Be3 Ng4 14. Bf4 c5 15. dxc5 Bxc5 16. Nd2 e5 17. Nb3 Bxf2+ 18. Rxf2 Nxf2 19. Bxe5 Ng4 20. Rd1 Nxe5 21. Rxd5 Nc4 22. Rd7 Nxb2 23. Nc5 Rfd8 24. Rb7 h6 25. Rxb2 Rac8 26. Nd3 Rc7 27. Kf2 f5 28. Rb5 g6 29. Ra5 Rc2 30. Ne1 Rc7 31. Nf3 Rd6 32. h4 h5 33. Re5 Kg7 34. Ra5 Re7 35. Ng5 Rd2 36. Kf3 Rdxe2 37. Ra3 Rb2 38. Nh3 Rc2 39. Nf4 Rc6 40. Rd3 a5 41. Rd5 Ra7 42. Kg2 Rc2+ 43. Kh3 Rc6 44. Rd4 a4 45. Rd2 a3 46. Re2 Rb6 47. Ne6+ Kf6 48. Nf4 Rd6 49. Rc2 Rb7 50. Rc3 Ra6 51. Rc2 Rb2 52. Rc8 Rxa2 53. Nd5+ Ke5 54. Nb4 Ra1 55. Nxa6 a2 56. Re8+ Kf6 57. Nb4 Rh1+ 58. Kg2 a1=Q 59. Nd5+ Kf7 60. Re7+ Kf8 61. Re2 Qf1# 0-1


[Site "https://www.chess.com"]

[Event "Titled Tuesday Blitz May 16 Early 2023"]
[White "Devaev, Alexander"]
[Black "hakanazeri2"]
[WhiteFideId "4169395"]
[WhiteElo "2172"]
[BlackElo "2611"]
[Result "1-0"]
[Round "08"]
[TimeControl "180+2"]
[Date "2023.05.16"]
[WhiteClock "0:00:04"]
[BlackClock "0:00:01"]

1. Nf3 d5 2. c4 c6 3. e3 Nf6 4. b3 Bg4 5. Bb2 Nbd7 6. d4 e6 7. Nbd2 Bd6 8. Qc2 O-O 9. Bd3 Qe7 10. c5 Bc7 11. Ne5 Nxe5 12. dxe5 Nd7 13. Bxh7+ Kh8 14. h3 Qh4 15. Bd3 Nxe5 16. Be2 Bxe2 17. Kxe2 Ng6 18. Nf3 Qb4 19. Nd4 Be5 20. a3 Qa5 21. f4 Bxd4 22. Bxd4 b6 23. h4 e5 24. fxe5 bxc5 25. h5 Nf4+ 26. exf4 cxd4 27. h6 g6 28. Qxc6 f6 29. b4 Rac8 30. Qd7 Qc7 31. Qxc7 Rxc7 32. Rac1 Re7 33. Kd3 fxe5 34. fxe5 Rxe5 35. Kxd4 Re7 36. Kxd5 Rd8+ 37. Kc5 Rd2 38. a4 Rxg2 39. Rcd1 Kh7 40. Rd6 Rc2+ 41. Kb5 Rb7+ 42. Ka5 Rb2 43. b5 Ra2 44. Rg1 Rc7 45. Rgxg6 Rc4 46. Rg7+ Kh8 47. Rd8# 1-0


[Site "https://www.chess.com"]

[Event "Titled Tuesday Blitz May 16 Early 2023"]
[White "Koepke, Christian"]
[Black "Gheorghiu, Calin"]
[WhiteFideId "4655737"]
[BlackFideId "1200305"]
[WhiteElo "2204"]
[BlackElo "2223"]
[Result "1/2-1/2"]
[Round "08"]
[TimeControl "180+2"]
[Date "2023.05.16"]
[WhiteClock "0:00:15"]
[BlackClock "0:00:11"]

1. d4 Nf6 2. e3 d5 3. Bd3 c5 4. c3 Nc6 5. f4 g6 6. Nf3 Bg7 7. Ne5 O-O 8. O-O Bf5 9. Qe2 Rc8 10. b3 a6 11. Bb2 b5 12. Bxf5 gxf5 13. dxc5 Ne4 14. Nxc6 Rxc6 15. b4 Qc7 16. a4 bxa4 17. Rxa4 Rb8 18. Rxa6 Rxa6 19. Qxa6 Nxc5 20. bxc5 Rxb2 21. Qa8+ Rb8 22. Qxd5 e6 23. Qd6 Qa7 24. Nd2 Bf8 25. Qe5 Bxc5 26. Rf3 Kf8 27. h3 Ke7 28. Kh2 Rg8 29. Nb3 Bd6 30. Qa5 Qb7 31. Nd4 Qb2 32. Qa7+ Kf6 33. Rg3 Rxg3 34. Kxg3 Qxc3 35. Nf3 Bc5 36. Qb8 Qxe3 37. Qd8+ Kg7 38. Qg5+ Kf8 39. Qd8+ Kg7 40. Qg5+ Kf8 41. Qd8+ Kg7 1/2-1/2


[Site "https://www.chess.com"]

[Event "Titled Tuesday Blitz May 16 Early 2023"]
[White "Gurevich, Dmitry"]
[Black "Bodnaruk, Anastasia"]
[WhiteFideId "2000407"]
[BlackFideId "4181751"]
[WhiteElo "2506"]
[BlackElo "2304"]
[Result "1/2-1/2"]
[Round "08"]
[TimeControl "180+2"]
[Date "2023.05.16"]
[WhiteClock "0:00:12"]
[BlackClock "0:00:15"]

1. d4 Nf6 2. c4 g6 3. Nc3 Bg7 4. e4 d6 5. Nf3 O-O 6. Be2 e5 7. O-O Na6 8. Re1 c6 9. Rb1 exd4 10. Nxd4 Re8 11. f3 Nh5 12. Bf1 f5 13. Be3 f4 14. Bf2 Be5 15. b4 Bd7 16. b5 Nc5 17. Qd2 Qf6 18. Rbc1 Ng3 19. bxc6 bxc6 20. Nb3 Ne6 21. c5 Rad8 22. cxd6 Bc8 23. Bc4 Rxd6 24. Qc2 Kh8 25. Ne2 Qh4 26. hxg3 fxg3 27. Bxg3 Bxg3 28. Nxg3 Qxg3 29. Qc3+ Ng7 30. e5 Rdd8 31. e6 Re7 32. Nd4 Rd6 33. Bb3 Qf4 34. Nxc6 Rxc6 35. Qxc6 Qd4+ 36. Kh2 Qh4+ 37. Kg1 Qd4+ 38. Kf1 Qd3+ 39. Kf2 Qd4+ 40. Kf1 Qd3+ 41. Kg1 Qd4+ 1/2-1/2


[Site "https://www.chess.com"]

[Event "Titled Tuesday Blitz May 16 Early 2023"]
[White "Weishaeutel, Moritz"]
[Black "Senft, Sean"]
[WhiteFideId "12967300"]
[BlackFideId "2044960"]
[WhiteElo "2301"]
[BlackElo "1989"]
[Result "1-0"]
[Round "08"]
[TimeControl "180+2"]
[Date "2023.05.16"]
[WhiteClock "0:00:32"]
[BlackClock "0:00:12"]

1. e4 c5 2. d4 cxd4 3. c3 d3 4. Bxd3 Nc6 5. Nf3 g6 6. O-O Bg7 7. c4 d6 8. Nc3 Nf6 9. h3 Nd7 10. Be3 Nc5 11. Bc2 O-O 12. Qd2 Be6 13. Nd5 Bxb2 14. Rab1 Bg7 15. Bxc5 dxc5 16. Rxb7 Bxd5 17. cxd5 Nd4 18. Nxd4 Bxd4 19. Rfb1 e6 20. Bb3 Qf6 21. Bc4 a5 22. R1b6 Rad8 23. Qe2 Kh8 24. Rb3 Qe5 25. dxe6 fxe6 26. Rf3 Bc3 27. g3 Rxf3 28. Qxf3 Rb8 29. Rxb8+ Qxb8 30. Qxc3+ 1-0


[Site "https://www.chess.com"]

[Event "Titled Tuesday Blitz May 16 Early 2023"]
[White "Bogaudinov, Rushan"]
[Black "Ibadov, Dashgyn"]
[WhiteFideId "4129288"]
[BlackFideId "24107514"]
[WhiteElo "1941"]
[BlackElo "2208"]
[Result "0-1"]
[Round "08"]
[TimeControl "180+2"]
[Date "2023.05.16"]
[WhiteClock "0:00:00"]
[BlackClock "0:00:10"]

1. e4 e5 2. Nc3 Nf6 3. g3 d5 4. exd5 c6 5. dxc6 Nxc6 6. Bg2 Bg4 7. Nge2 Nd4 8. O-O Bb4 9. f3 Be6 10. d3 O-O 11. Kh1 Rc8 12. Bg5 h6 13. Bxf6 Qxf6 14. Ne4 Qe7 15. c3 Nxe2 16. Qxe2 Ba5 17. f4 f5 18. Nd2 exf4 19. Rae1 Rce8 20. Qxe6+ Qxe6 21. Rxe6 Rxe6 22. Bd5 Re8 23. Re1 Kf7 24. Rxe6 Rxe6 25. gxf4 Bc7 26. Nf3 Kf6 27. Bxe6 Kxe6 28. Nd4+ Kf6 29. Ne2 g5 30. Kg2 g4 31. d4 h5 32. c4 Ke6 33. b4 b5 34. cxb5 Kd5 35. a4 Kc4 36. Ng3 Kxb4 37. Nxf5 Kxa4 38. Ng7 Kxb5 39. Nxh5 a5 40. Kf2 a4 41. Nf6 Kc4 42. Ne4 a3 43. Nd2+ Kd3 44. Nb3 Bxf4 45. d5 Kc3 46. Na1 Kb2 47. Ke2 Kxa1 48. Kd3 Kb2 49. Ke4 Bxh2 50. Kf5 a2 51. Kxg4 a1=Q 0-1


[Site "https://www.chess.com"]

[Event "Titled Tuesday Blitz May 16 Early 2023"]
[White "Fan_Of_Chucky"]
[Black "Potkin, Vladimir"]
[BlackFideId "4131061"]
[WhiteElo "2384"]
[BlackElo "2474"]
[Result "1-0"]
[Round "08"]
[TimeControl "180+2"]
[Date "2023.05.16"]
[WhiteClock "0:00:40"]
[BlackClock "0:00:17"]

1. d4 Nf6 2. c4 g6 3. Nc3 d5 4. Nf3 Bg7 5. h4 c6 6. Bg5 dxc4 7. e4 b5 8. e5 Nd5 9. h5 Be6 10. h6 Bf8 11. Ne4 f6 12. Bd2 Nd7 13. Be2 Qc7 14. a4 a6 15. O-O Bf5 16. Nc3 Nxc3 17. bxc3 e6 18. axb5 cxb5 19. exf6 Nxf6 20. Ne5 Bd6 21. Bf3 Nd5 22. Bxd5 exd5 23. Qf3 Be4 24. Qf6 Rf8 25. Qe6+ Qe7 26. Rxa6 Qxe6 27. Rxa8+ Ke7 28. Bg5+ Rf6 29. Ra7+ Ke8 30. Ra8+ Ke7 31. Ra7+ Kf8 32. Bxf6 Qxf6 33. Nd7+ Ke7 34. Nxf6+ Kxf6 35. Rb7 b4 36. cxb4 c3 37. Rb6 Ke7 38. Rc6 Bxb4 39. Rc1 c2 40. R6xc2 Bxc2 41. Rxc2 Kf6 42. Rc7 g5 43. Rxh7 Kg6 44. Rd7 1-0


[Site "https://www.chess.com"]

[Event "Titled Tuesday Blitz May 16 Early 2023"]
[White "Klepikov, Nikita"]
[Black "Al-Tarboush, Ward"]
[WhiteFideId "24145220"]
[BlackFideId "7601450"]
[WhiteElo "2025"]
[BlackElo "2265"]
[Result "1/2-1/2"]
[Round "08"]
[TimeControl "180+2"]
[Date "2023.05.16"]
[WhiteClock "0:00:22"]
[BlackClock "0:01:43"]

1. e4 e6 2. d4 d5 3. Nd2 c5 4. c3 cxd4 5. cxd4 dxe4 6. Nxe4 Nf6 7. Nxf6+ Qxf6 8. Nf3 Bb4+ 9. Bd2 Bxd2+ 10. Qxd2 O-O 11. Bd3 Nc6 12. O-O Rd8 13. Rad1 Bd7 14. Rfe1 Rac8 15. Ne5 Nxd4 16. Bxh7+ Kxh7 17. Qxd4 Bc6 18. Qe3 Rxd1 19. Rxd1 Bd5 20. a3 Qf5 21. h3 f6 22. Nd3 Rc2 23. Nf4 Rxb2 24. Nxd5 exd5 25. Qxa7 b6 26. Rf1 d4 27. g4 Qd3 28. Qd7 Rd2 29. Qd5 b5 30. Qh5+ Kg8 31. Qe8+ Kh7 32. Qh5+ Kg8 33. Qe8+ Kh7 34. Qh5+ 1/2-1/2


[Site "https://www.chess.com"]

[Event "Titled Tuesday Blitz May 16 Early 2023"]
[White "Goncalves, Davi Sulzbacher"]
[Black "Domingo Nunez, Alejandro"]
[WhiteFideId "2154510"]
[BlackFideId "22245561"]
[WhiteElo "2182"]
[BlackElo "2291"]
[Result "1-0"]
[Round "08"]
[TimeControl "180+2"]
[Date "2023.05.16"]
[WhiteClock "0:00:19"]
[BlackClock "0:00:02"]

1. Nf3 g6 2. g3 Bg7 3. Bg2 Nf6 4. O-O O-O 5. d4 d6 6. c4 Nbd7 7. Nc3 c5 8. d5 a6 9. Re1 Rb8 10. a4 b6 11. e4 Ne8 12. Bf4 Ne5 13. Nxe5 dxe5 14. Be3 Nd6 15. b3 f5 16. f3 f4 17. Bf2 a5 18. Qd3 g5 19. g4 h5 20. h3 hxg4 21. hxg4 Kf7 22. Kf1 Rh8 23. Ke2 Rh2 24. Rg1 Qh8 25. Nb5 Bd7 26. Nc7 Rc8 27. Ne6 Bxe6 28. dxe6+ Kf6 29. Rh1 Qh6 30. Rag1 Kxe6 31. Qd5+ Kd7 32. Rd1 Ke8 33. Qg8+ Kd7 34. Rxh2 Rxg8 35. Rxh6 Bxh6 36. Rh1 Nf7 37. Be1 Ke6 38. Bc3 Rd8 39. Bf1 Kf6 40. Ke1 Kg6 41. Be2 Bg7 42. Rh2 Rd6 43. Bd1 Rd7 44. Bc2 Rd8 45. Ke2 Rd7 46. Rh1 Nd6 47. Rh2 Ne8 48. Rh1 Nc7 49. Rd1 Rd4 50. Bxd4 cxd4 51. Rh1 Na6 52. Bd1 Bf6 53. Kd2 Nb4 54. Be2 Kf7 55. Rc1 Ke6 56. c5 bxc5 57. Rxc5 Na2 58. Rxa5 Nc3 59. Bc4+ Kd6 60. Ra6+ Kc5 61. Ra8 Kb4 62. Rb8+ Ka3 63. a5 Nb1+ 64. Kd3 Kb2 65. a6 Na3 66. a7 Kc1 67. a8=Q Nc2 68. Qa2 Ne1+ 69. Ke2 Nc2 70. Bd3 1-0


[Site "https://www.chess.com"]